 Dungeon Crawl Stone Soup version 0.27-a0-1196-g3e9cee4cb2 (webtiles) character file.

Game seed: 7574300714646495793

4 Froggeryz the Chopper (level 1, -3/27 HPs)
             Began as a Human Berserker on May 29, 2021.
             Was a Follower of Trog.
             Slain by a quokka (5 damage)
             ... on level 1 of the Dungeon.
             The game lasted 00:00:08 (38 turns).

Froggeryz the Chopper (Human Berserker)               Turns: 38, Time: 00:00:08

Health: -3/27      AC:  2    Str: 17    XL:     1   Next: 66%
Magic:  1/1        EV: 12    Int:  7    God:    Trog [*.....]
Gold:   0          SH:  0    Dex: 12    Spells: 0/0 levels left

rFire    . . .     SeeInvis .   a - +0 hand axe
rCold    . . .     Faith    .   (no shield)
rNeg     . . .     Spirit   .   b - +0 animal skin
rPois    .         Reflect  .   (no helmet)
rElec    .         Harm     .   (no cloak)
rCorr    .         Rampage  .   (no gloves)
Will     .....                  (no boots)
Stlth    ..........             (no amulet)
HPRegen  0.09/turn              (no ring)
MPRegen  0.07/turn              (no ring)

@: berserking, very quick
A: no striking features
a: Renounce Religion, Berserk


You were on level 1 of the Dungeon.
You worshipped Trog.
Trog was aware of your devotion.
You visited 1 branch of the dungeon, and saw 1 of its levels.

Inventory:

Hand Weapons
 a - a +0 hand axe (weapon)
Armour
 b - a +0 animal skin (worn)


   Skills:
 - Level 3.0 Fighting
 * Level 3.3 Axes
 - Level 2.0 Armour
 - Level 2.0 Dodging


You couldn't memorise any spells.
You didn't know any spells.
Your spell library was empty.

Dungeon Overview and Level Annotations

Branches:
Dungeon (1/15)

Altars:


Message History

You kill the goblin!
Trog accepts your kill. The quokka barely misses you. The quokka bites you. x2
You are too injured to fight recklessly!
You are too injured to fight recklessly!
You are too injured to fight recklessly!
You are too injured to fight recklessly!
You are too injured to fight recklessly!
You are too injured to fight recklessly!
You are too injured to fight recklessly!
You are too injured to fight recklessly!
You are too injured to fight recklessly!
You are too injured to fight recklessly!
You are too injured to fight recklessly!
You are too injured to fight recklessly!
You are too injured to fight recklessly!
You are too injured to fight recklessly!
You are too injured to fight recklessly!
You are too injured to fight recklessly!
You are too injured to fight recklessly!
You are too injured to fight recklessly!
You are too injured to fight recklessly!
You are too injured to fight recklessly!
You are too injured to fight recklessly!
You are too injured to fight recklessly!
You hit the quokka.
The quokka is severely wounded.
You hit the quokka. You closely miss the goblin. The quokka misses you.
The goblin closely misses you. The quokka bites you.
The quokka completely misses you. The goblin hits you but does no damage.
You slash the quokka!
You kill the quokka!
Trog accepts your kill.
You hit the goblin but do no damage. You hit the quokka but do no damage.
The quokka bites you.
* * * LOW HITPOINT WARNING * * *
The goblin completely misses you.
A red film seems to cover your vision as you go berserk!
You feel yourself moving faster!
You feel mighty! The quokka bites you.
You die...

.# #.... .#.
.>###...###..
........#..
#........
###.......###..
...#.........# #.
#.#.g.r.# ..#
..#####....@..#....
....#..............
................###
...........#####
.............♣P..#
..........#...P..#
..........##.....#
...♣......###....#
....8.....#####.##


You could see a quokka and a goblin.

Vanquished Creatures
  A goblin (D:1)
  A quokka (D:1)
  2 frilled lizards (D:1)
4 creatures vanquished.

Notes
Turn   | Place    | Note
-------+----------+-------------------------------------------
     0 | D:1      | Froggeryz the Human Berserker began the quest for the Orb.
     0 | D:1      | Reached XP level 1. HP: 18/18 MP: 1/1
    38 | D:1      | Slain by a quokka

Illustrated notes

Levels and vault maps discovered:
D:1:      wander_arrival_peaceful_grave, layout_rooms,
          hellmonk_ecumenical_altar_crossroads, serial_park_tiny_1

Action                   || total
-------------------------++-------
Melee: Hand axe          ||     7
Invok: Berserk           ||     1
Armor: Animal skin       ||     2
Dodge: Dodged            ||    15

Table legend: (Time is in decaauts)
 A = Elapsed time spent in this place.
 B = Non-inter-level travel time spent in this place.
 C = Inter-level travel time spent in this place.
 D = Time resting spent in this place.
 E = Time spent auto-exploring this place.
 F = Levels seen in this place.
 G = Mean time per level.
                   A        B        C        D        E       F      G
               +--------+--------+--------+--------+--------+-----+--------+
         Total |     39 |     39 |      0 |      0 |     27 |   1 |   39.0 |
       Dungeon |     39 |     39 |      0 |      0 |     27 |   1 |   39.0 |
               +--------+--------+--------+--------+--------+-----+--------+

Top non-repeatable levels by time:
     D:1: 39 daAuts
